 Dungeon Crawl Stone Soup version 0.21.1-1-g345015f (console) character file.

124 fly the Chiller (level 5, -3/31 HPs)
             Began as an Octopode Ice Elementalist on May 7, 2018.
             Slain by a gnoll
             ... wielding a +0 flail
              (4 damage)
             ... on level 2 of the Dungeon.
             The game lasted 00:04:56 (1490 turns).

fly the Chiller (Octopode Ice Elementalist)         Turns: 1490, Time: 00:04:57

Health: -3/31      AC:  1    Str:  8    XL:     5   Next: 8%
Magic:  0/9        EV: 13    Int: 18    God:
Gold:   153        SH:  0    Dex: 12    Spells: 9/10 levels left

rFire    . . .     SeeInvis .   (no weapon)
rCold    . . .     Gourm    .   (no shield)
rNeg     . . .     Faith    .   (helmet restricted)
rPois    .         Spirit   .   (no amulet)
rElec    .         Reflect  .   (no ring)
rCorr    .         Harm     .   (no ring)
MR       .....                  (no ring)
Stlth    +++.......             (no ring)
HPRegen  0.10/turn              (no ring)
MPRegen  0.11/turn              (no ring)
                                (no ring)
                                (no ring)

@: drained
A: almost no armour, stealthy swim, amphibious, 8 rings, constrict 8, camouflage
1, gelatinous body 1
a: no special abilities


You were on level 2 of the Dungeon.
You were very hungry.

You visited 1 branch of the dungeon, and saw 2 of its levels.

You collected 153 gold pieces.

Inventory:

Scrolls
 c - 3 scrolls of identify
 d - a scroll of magic mapping {unknown}
 f - 2 scrolls of teleportation {unknown}
 g - a scroll of remove curse {unknown}
 j - a scroll of amnesia {unknown}
 k - a scroll of enchant weapon {unknown}
Potions
 e - 2 potions of magic
 h - 2 potions of degeneration
 i - a potion of lignification
Books
 a - a book of Frost

   Spells                             Type                      Level
   a - Freeze                         Ice                          1
   b - Throw Frost                    Conjuration/Ice              2
   c - Ozocubu's Armour               Charms/Ice                   3
   d - Throw Icicle                   Conjuration/Ice              4
   e - Summon Ice Beast               Ice/Summoning                4
Comestibles
 b - 5 rations


   Skills:
 - Level 2.0(1.6) Dodging
 - Level 2.6(2.2) Stealth
 - Level 3.0(2.6) Spellcasting
   Level 1.0(0.6) Conjurations
 + Level 5.0(4.6) Ice Magic


You had 9 spell levels left.
You knew the following spells:

 Your Spells              Type           Power        Failure   Level  Hunger
z - Freeze                Ice            ###.         2%          1    #......


Dungeon Overview and Level Annotations

Branches:
Dungeon (2/15)

Altars:
Ashenzari


Innate Abilities, Weirdness & Mutations

You cannot wear most types of armour.
You are very stealthy in the water. (Stealth+)
You are amphibious.
You can wear up to eight rings at the same time.
You can use your tentacles to constrict eight enemies at once.
Your skin changes colour to match your surroundings (Stealth+).
Your rubbery body absorbs attacks. (AC +1, EV +1)


Message History

You freeze the gnoll.
The gnoll is moderately wounded.
The gnoll hits you but does no damage.
You struggle against the net.
You struggle against the net.
The gnoll hits you with a flail!
You struggle against the net.
The gnoll hits you but does no damage.
Casting: Freeze
Confirm with . or Enter, or press ? or * to list all spells.
Aiming: Freeze
Press: ? - help, Shift-Dir - straight line, f/p - gnoll
Aim: a gnoll, wielding a flail and wearing a plate armour (moderately wounded)
You freeze the gnoll.
The gnoll is heavily wounded.
The gnoll hits you with a flail!
* * * LOW HITPOINT WARNING * * *
Unknown command.
Okay, then.
Unknown command.
You rip the net and break free!
The gnoll hits you with a flail.
You die...

#####.#.......#
#.).#####.# ##.## #.# #.#
#.# #.# #.# #.# #.# #.#
#.# # ..# #.####.##.##
### ####...@g......
#.[..####.##.#.
##########.##.)...... #.#
......<....##.####.####.#
#########..##.# ...(####
#..##.# ##....(..
#..##.######.......
#..##.##.##.....#
#....#..........####g#


You could see a gnoll.

Vanquished Creatures
  4 gnolls (D:2)
  4 adders (D:2)
  2 worms (D:2)
  A dart slug (D:1)
  4 giant cockroaches
  6 goblins
  4 hobgoblins
  3 jackals (D:2)
  2 quokkas (D:2)
  3 bats
  3 frilled lizards
  3 kobolds
  4 rats
43 creatures vanquished.

Notes
Turn   | Place    | Note
-------+----------+-------------------------------------------
     0 | D:1      | fly the Octopode Ice Elementalist began the quest for the Orb.
     0 | D:1      | Reached XP level 1. HP: 11/11 MP: 3/3
    98 | D:1      | Found a shattered altar of Ashenzari.
   105 | D:1      | Reached XP level 2. HP: 15/17 MP: 0/5
   406 | D:1      | Reached skill level 4 in Ice Magic
   668 | D:2      | Reached XP level 3. HP: 21/21 MP: 4/6
   908 | D:2      | Reached XP level 4. HP: 24/27 MP: 3/8
  1482 | D:2      | Reached skill level 5 in Ice Magic
  1482 | D:2      | Reached XP level 5. HP: 29/31 MP: 2/9
  1489 | D:2      | HP: 1/31 [gnoll/flail (10)]
  1490 | D:2      | Slain by a gnoll

Skill      XL: |  1  2  3  4 |
---------------+-------------+-----
Ice Magic      | 4 5 |  5.0
Spellcasting   | 3 |  3.0
Dodging        | |  2.0
Stealth        | |  2.6
Conjurations   | |  1.0

Action                   |  1- 3 |  4- 6 || total
-------------------------+-------+-------++-------
Melee: Unarmed           |    14 |     6 ||    20
       Constrict         |     4 |     3 ||     7
       Tentacles         |     3 |     1 ||     4
 Cast: Freeze            |    39 |    36 ||    75
  Use: Scroll            |       |     3 ||     3
 Stab: Sleeping          |     6 |     1 ||     7
  Eat: Chunk             |       |     1 ||     1
Armor: Skin              |     4 |     4 ||     8
Dodge: Dodged            |    23 |    17 ||    40
